SAAA
TREMONT DOUBLEDAYS @ FLORIDA MEN
09/06/2033
 
TOP OF THE 1ST
Tremont Doubledays batting - Pitching for Florida Men : RHP Joshua Long
Pitching: RHP Joshua Long
Batting: RHB Bryant Skelly 0-0: Ball
1-0: Foul Ball, location: 2F
1-1: Ball
2-1: Ball
3-1: Base on Balls
Batting: RHB Vito Middendorf 0-0: Called Strike
0-1: TRIPLE (Flyball, 8RXD)
Bryant Skelly scores
Batting: RHB Dan Chrzan 0-0: Ball
1-0: Swinging Strike
1-1: Ground out 4-3 (Groundball, 4)
Vito Middendorf scores
Batting: LHB Divine Diablo 0-0: DOUBLE (Line Drive, 9D) - OUT at third base trying to stretch hit.
Batting: RHB Menno van de Vlugt 0-0: Called Strike
0-1: Called Strike
0-2: Strikes out swinging
Top of the 1st over - 2 runs, 2 hits, 0 errors, 0 left on base; Tremont 2 - Florida 0
BOTTOM OF THE 1ST
Florida Men batting - Pitching for Tremont Doubledays : RHP Aydin Aragvsky
Pitching: RHP Aydin Aragvsky
Batting: LHB Jim Halpert 0-0: Ground out 4-3 (Groundball, 4)
Batting: RHB Todd Sentell 0-0: Ball
1-0: Ball
2-0: Swinging Strike
2-1: Ground out 5-3 (Groundball, 5)
Batting: LHB Shunso Kiyomizu 0-0: Ball
1-0: Foul Ball, location: 2F
1-1: SINGLE (Groundball, 4D)
Batting: RHB Jorge Díaz 0-0: Ball
1-0: Swinging Strike
1-1: Ball
2-1: Ball
3-1: Base on Balls
Shunso Kiyomizu to second
Batting: SHB Seishiro Nishimura 0-0: Ball
1-0: Ball
2-0: Foul Ball, location: 2F
2-1: Ball
3-1: Base on Balls
Shunso Kiyomizu to third
Jorge Díaz to second
Batting: RHB José Córdova 0-0: Ball
1-0: Swinging Strike
1-1: Ball
2-1: Called Strike
2-2: Ball
3-2: Base on Balls
Shunso Kiyomizu scores
Jorge Díaz to third
Seishiro Nishimura to second
Batting: LHB Alfred Miles 0-0: Ball
1-0: Foul Ball, location: 2F
1-1: Ball
2-1: Foul Ball, location: 2F
2-2: Ball
3-2: Foul Ball, location: 2F
3-2: Fly out, F7 (Flyball, 7LSF)
Bottom of the 1st over - 1 run, 1 hit, 0 errors, 3 left on base; Tremont 2 - Florida 1
TOP OF THE 2ND
Tremont Doubledays batting - Pitching for Florida Men : RHP Joshua Long
Batting: RHB David Pérez 0-0: Called Strike
0-1: Swinging Strike
0-2: Strikes out swinging
Batting: RHB Albert Covington 0-0: Ball
1-0: Swinging Strike
1-1: Fly out, F9 (Flyball, 89D)
Batting: RHB Jesús Quintana 0-0: Called Strike
0-1: Ball
1-1: Foul Ball, location: 2F
1-2: Ground out 6-3 (Groundball, 6)
Top of the 2nd over - 0 runs, 0 hits, 0 errors, 0 left on base; Tremont 2 - Florida 1
BOTTOM OF THE 2ND
Florida Men batting - Pitching for Tremont Doubledays : RHP Aydin Aragvsky
Batting: RHB Vojtech Farkas 0-0: Ball
1-0: Ball
2-0: Foul Ball, location: 2F
2-1: Called Strike
2-2: Ball
3-2: Base on Balls
Batting: RHB Mesa Altuve 0-0: Ball
1-0: Foul Ball, location: 2F
1-1: Swinging Strike
1-2: Ball
2-2: Strikes out swinging
Batting: LHB Jim Halpert 0-0: Ball
1-0: Ball
2-0: Called Strike
2-1: Called Strike
2-2: Ball
3-2: Ground out 5-3 (Groundball, 56S)
Vojtech Farkas to second
Batting: RHB Todd Sentell 0-0: Called Strike
0-1: Swinging Strike
0-2: Ball
1-2: Foul Ball, location: 2F
1-2: Fly out, F3 (Popup, 34S)
Bottom of the 2nd over - 0 runs, 0 hits, 0 errors, 1 left on base; Tremont 2 - Florida 1
TOP OF THE 3RD
Tremont Doubledays batting - Pitching for Florida Men : RHP Joshua Long
Batting: RHB Steve Jones 0-0: DOUBLE (Line Drive, 7D)
Batting: RHB Bryant Skelly 0-0: Ground out U3 (Groundball, 34)
Steve Jones to third
Batting: RHB Vito Middendorf 0-0: Fly out, F7 (Line Drive, 7)
Runner from 3rd tags up, SCORES, throw made
Batting: RHB Dan Chrzan 0-0: Fly out, F6 (Line Drive, 6M)
Top of the 3rd over - 1 run, 1 hit, 0 errors, 0 left on base; Tremont 3 - Florida 1
BOTTOM OF THE 3RD
Florida Men batting - Pitching for Tremont Doubledays : RHP Aydin Aragvsky
Batting: LHB Shunso Kiyomizu 0-0: Swinging Strike
0-1: Ball
1-1: SINGLE (Line Drive, 34D)
Batting: RHB Jorge Díaz 0-0: Foul Ball, location: 2F
0-1: Hit by Pitch
Shunso Kiyomizu to second
Batting: SHB Seishiro Nishimura 0-0: Ball
1-0: Grounds out, U3 (Groundball, 3L)
Shunso Kiyomizu to third
Batting: RHB José Córdova 0-0: Called Strike
0-1: Swinging Strike
0-2: Ball
1-2: Ball
2-2: Foul Ball, location: 2F
2-2: Fly out, F9 (Flyball, 89S)
Batting: LHB Alfred Miles 0-0: Called Strike
0-1: Swinging Strike
0-2: Ball
1-2: Ball
2-2: Strikes out swinging
Bottom of the 3rd over - 0 runs, 1 hit, 0 errors, 2 left on base; Tremont 3 - Florida 1
TOP OF THE 4TH
Tremont Doubledays batting - Pitching for Florida Men : RHP Joshua Long
Batting: LHB Divine Diablo 0-0: Foul Ball, location: 2F
0-1: Foul Ball, location: 2F
0-2: Fly out, F9 (Line Drive, 9)
Pitching: RHP Tadayoshi Tanaka
Batting: RHB Menno van de Vlugt 0-0: SINGLE (Groundball, 6) (infield hit)
Batting: RHB David Pérez 0-0: Called Strike
0-1: Ball
1-1: Foul Ball, location: 2F
1-2: Strikes out swinging
Batting: RHB Albert Covington 0-0: Ball
1-0: Called Strike
1-1: Foul Ball, location: 2F
1-2: Ball
2-2: Foul Ball, location: 2F
2-2: Ball
3-2: Base on Balls
Menno van de Vlugt to second
Batting: RHB Jesús Quintana 0-0: Ball
1-0: Called Strike
1-1: Foul Ball, location: 2F
1-2: Foul Ball, location: 2F
1-2: Fly out, F9 (Flyball, 9LS)
Top of the 4th over - 0 runs, 1 hit, 0 errors, 2 left on base; Tremont 3 - Florida 1
BOTTOM OF THE 4TH
Florida Men batting - Pitching for Tremont Doubledays : RHP Aydin Aragvsky
Batting: RHB Vojtech Farkas 0-0: Called Strike
0-1: Ball
1-1: Foul Ball, location: 2F
1-2: Fly out, F8 (Line Drive, 78D)
Batting: RHB Mesa Altuve 0-0: Called Strike
0-1: Ball
1-1: Foul Ball, location: 2F
1-2: Strikes out looking
Batting: LHB Jim Halpert 0-0: Swinging Strike
0-1: Ball
1-1: Ball
2-1: SINGLE (Flyball, 78M)
Batting: RHB Todd Sentell 0-0: Ball
1-0: Foul Ball, location: 2F
1-1: Foul Ball, location: 2F
1-2: Fielders Choice at 2nd, U4 (Groundball, 4M)
Bottom of the 4th over - 0 runs, 1 hit, 0 errors, 1 left on base; Tremont 3 - Florida 1
TOP OF THE 5TH
Tremont Doubledays batting - Pitching for Florida Men : RHP Tadayoshi Tanaka
Batting: RHB Steve Jones 0-0: Called Strike
0-1: Ball
1-1: Swinging Strike
1-2: Ball
2-2: Strikes out swinging
Batting: RHB Bryant Skelly 0-0: Ball
1-0: Ball
2-0: Called Strike
2-1: Fly out, F5 (Popup, 25F)
Batting: RHB Vito Middendorf 0-0: Ball
1-0: Ball
2-0: Called Strike
2-1: Called Strike
2-2: SINGLE (Flyball, 7LM)
Batting: RHB Dan Chrzan 0-0: Ball
1-0: Foul Ball, location: 2F
1-1: Foul Ball, location: 2F
1-2: Ball
2-2: Ball
Vito Middendorf steals 2nd base
3-2: Foul Ball, location: 2F
3-2: Strikes out looking
Top of the 5th over - 0 runs, 1 hit, 0 errors, 1 left on base; Tremont 3 - Florida 1
BOTTOM OF THE 5TH
Florida Men batting - Pitching for Tremont Doubledays : RHP Aydin Aragvsky
Batting: LHB Shunso Kiyomizu 0-0: Ball
1-0: Ball
2-0: Ball
3-0: Called Strike
3-1: Ground out 4-3 (Groundball, 4)
Batting: RHB Jorge Díaz 0-0: Ball
1-0: Called Strike
1-1: Fly out, F8 (Flyball, 8RM)
Batting: SHB Seishiro Nishimura 0-0: Called Strike
0-1: Foul Ball, location: 2F
0-2: Strikes out looking
Bottom of the 5th over - 0 runs, 0 hits, 0 errors, 0 left on base; Tremont 3 - Florida 1
TOP OF THE 6TH
Tremont Doubledays batting - Pitching for Florida Men : RHP Tadayoshi Tanaka
Batting: LHB Divine Diablo 0-0: Called Strike
0-1: Ball
1-1: Called Strike
1-2: Foul Ball, location: 2F
1-2: Foul Ball, location: 2F
1-2: Foul Ball, location: 2F
1-2: Strikes out swinging
Batting: RHB Menno van de Vlugt 0-0: Foul Ball, location: 2F
0-1: Ball
1-1: SINGLE (Line Drive, 56D)
Batting: RHB David Pérez 0-0: Called Strike
0-1: Ball
1-1: Ball
2-1: Foul Ball, location: 2F
2-2: Fly out, F3 (Flyball, 3D)
Batting: RHB Albert Covington 0-0: Ball
1-0: Ball
2-0: Called Strike
2-1: Foul Ball, location: 2F
2-2: Fly out, F9 (Flyball, 9D)
Top of the 6th over - 0 runs, 1 hit, 0 errors, 1 left on base; Tremont 3 - Florida 1
BOTTOM OF THE 6TH
Florida Men batting - Pitching for Tremont Doubledays : RHP Aydin Aragvsky
Batting: RHB José Córdova 0-0: Swinging Strike
0-1: Ball
1-1: Foul Ball, location: 2F
1-2: Ball
2-2: Fly out, F8 (Flyball, 78D)
Batting: LHB Alfred Miles 0-0: Fly out, F2 (Popup, 15S)
Batting: RHB Vojtech Farkas 0-0: Foul Ball, location: 2F
0-1: DOUBLE (Line Drive, 89M)
Batting: RHB Mesa Altuve 0-0: Ball
1-0: Swinging Strike
1-1: Foul Ball, location: 2F
1-2: Strikes out looking
Bottom of the 6th over - 0 runs, 1 hit, 0 errors, 1 left on base; Tremont 3 - Florida 1
TOP OF THE 7TH
Tremont Doubledays batting - Pitching for Florida Men : RHP Tadayoshi Tanaka
Batting: RHB Jesús Quintana 0-0: Ball
1-0: Ball
2-0: Ball
3-0: Base on Balls
Batting: RHB Steve Jones 0-0: Ball
1-0: Sac Bunt - play at first, batter OUT! 1-3
Jesús Quintana to second
Batting: RHB Bryant Skelly 0-0: Ball
1-0: Called Strike
1-1: SINGLE (Groundball, 25) (infield hit)
Jesús Quintana to third
Batting: RHB Vito Middendorf 0-0: Ball
Bryant Skelly steals 2nd base
1-0: Fly out, F7 (Flyball, 78S)
Runner from 3rd tags up, OUT at HOME
Top of the 7th over - 0 runs, 1 hit, 0 errors, 1 left on base; Tremont 3 - Florida 1
BOTTOM OF THE 7TH
Florida Men batting - Pitching for Tremont Doubledays : RHP Aydin Aragvsky
Batting: LHB Jim Halpert 0-0: Ball
1-0: Ball
2-0: Ball
3-0: Base on Balls
Pitching: RHP Bobby Swain
Batting: RHB Todd Sentell 0-0: Foul Ball, location: 2F
0-1: Ball
1-1: Ball
2-1: Swinging Strike
2-2: Strikes out swinging
Batting: LHB Shunso Kiyomizu 0-0: Ball
1-0: Fly out, F8 (Flyball, 8RM)
Batting: RHB Jorge Díaz 0-0: Ball
1-0: Ball
Jim Halpert steals 2nd base
2-0: Swinging Strike
2-1: Foul Ball, location: 2F
2-2: Ball
3-2: Ground out 6-3 (Groundball, 6)
Bottom of the 7th over - 0 runs, 0 hits, 0 errors, 1 left on base; Tremont 3 - Florida 1
TOP OF THE 8TH
Tremont Doubledays batting - Pitching for Florida Men : RHP Tadayoshi Tanaka
Batting: RHB Dan Chrzan 0-0: Ground out 5-3 (Groundball, 5)
Batting: LHB Divine Diablo 0-0: Ball
1-0: Called Strike
1-1: Fly out, F8 (Flyball, 8RM)
Batting: RHB Menno van de Vlugt 0-0: Foul Ball, location: 2F
0-1: SOLO HOME RUN (Flyball, 7LD), Distance : 351 ft
Batting: RHB David Pérez 0-0: Foul Ball, location: 2F
0-1: Ball
1-1: Ball
2-1: Ground out 6-3 (Groundball, 6)
Top of the 8th over - 1 run, 1 hit, 0 errors, 0 left on base; Tremont 4 - Florida 1
BOTTOM OF THE 8TH
Florida Men batting - Pitching for Tremont Doubledays : RHP Bobby Swain
Batting: SHB Seishiro Nishimura 0-0: Ground out 4-3 (Groundball, 4)
Batting: RHB José Córdova 0-0: Foul Ball, location: 2F
0-1: Called Strike
0-2: Ball
1-2: Foul Ball, location: 2F
1-2: Ground out 1-3 (Groundball, P)
Batting: LHB Alfred Miles 0-0: Ball
1-0: Ball
2-0: Ball
3-0: Called Strike
3-1: Ground out 3-1 (Groundball, 34)
Bottom of the 8th over - 0 runs, 0 hits, 0 errors, 0 left on base; Tremont 4 - Florida 1
TOP OF THE 9TH
Tremont Doubledays batting - Pitching for Florida Men : RHP Tadayoshi Tanaka
Batting: RHB Albert Covington 0-0: Ball
1-0: Foul Ball, location: 2F
1-1: TRIPLE (Groundball, 5L)
Pitching: LHP Tyler Lund
Batting: RHB Jesús Quintana 0-0: Ball
1-0: DOUBLE (Line Drive, 89XD)
Albert Covington scores
Batting: RHB Steve Jones 0-0: Ball
1-0: Ground out 5-3 (Groundball, 5L)
Batting: RHB Bryant Skelly 0-0: Ball
1-0: Foul Ball, location: 2F
1-1: Ball
2-1: Swinging Strike
2-2: Ball
3-2: Fly out, F8 (Flyball, 8LD)
Batting: RHB Vito Middendorf 0-0: Foul Ball, location: 2F
0-1: Swinging Strike
0-2: Strikes out swinging
Top of the 9th over - 1 run, 2 hits, 0 errors, 1 left on base; Tremont 5 - Florida 1
BOTTOM OF THE 9TH
Florida Men batting - Pitching for Tremont Doubledays : RHP Bobby Swain
Pitching: RHP Craig Whitney
Batting: RHB Vojtech Farkas 0-0: Ball
1-0: Called Strike
1-1: Ball
2-1: Ball
3-1: SINGLE (Flyball, 9LS)
Batting: RHB Mesa Altuve 0-0: Ball
1-0: Called Strike
1-1: Ground out U3 (Groundball, 3S)
Vojtech Farkas to second
Batting: LHB Jim Halpert 0-0: Ball
1-0: Ball
2-0: Ball
3-0: Base on Balls
Batting: RHB Todd Sentell 0-0: Hit by Pitch
Vojtech Farkas to third
Jim Halpert to second
Batting: LHB Shunso Kiyomizu 0-0: Ball
1-0: Ball
2-0: Swinging Strike
2-1: Foul Ball, location: 2F
2-2: Fly out, F9 (Flyball, 9LDF)
Runner from 3rd tags up, SCORES, no throw
Batting: RHB Jorge Díaz 0-0: Ball
1-0: SINGLE (Flyball, 7LM)
Jim Halpert to third
Todd Sentell to second
Batting: SHB Seishiro Nishimura 0-0: Ball
1-0: Foul Ball, location: 2F
1-1: Fly out, F4 (Line Drive, 4M)
Bottom of the 9th over - 1 run, 2 hits, 0 errors, 3 left on base; Tremont 5 - Florida 2
Saturday, December 22nd, 2018 - OOTP Baseball 18.8 Build 76